Map: New Repugnancy LE

Players

Ziggy - Winner!

  • Race: Terran Terran
  • Spawn Location: 1:00

PappiJoe

  • Race: Protoss Protoss
  • Spawn Location: 7:00

Event: 2019 WCS Summer

VOD

Have the link to the VOD?

Description

Time

  • Played on: July 12, 2019, 6:18 a.m.
  • Length: 15:19

All games in this series

Show
View Real Time Build Order
Export as new Build Order

Ziggy Terran - Winner!

Build Orders: 1/1/1 

Get SALT Encoding   

  12  0:00  SCV  
  13  0:12  SCV  
  14  0:17  Supply Depot  
  14  0:24  SCV  
  14  0:28  Refinery  
  15  0:38  SCV  
  16  0:44  Barracks  
  16  0:50  SCV  
  17  1:02  SCV  
  18  1:14  SCV  
  19  1:31  Marine  
  20  1:33  Orbital Command  
  20  1:34  Factory  
  20  1:38  Refinery  
  20  1:42  Supply Depot  
  20  1:49  Marine  
  21  1:59  SCV  
  22  2:06  Marine  
  23  2:11  SCV  
  24  2:19  Widow Mine  
  24  2:21  Starport  
  26  2:23  SCV  
  26  2:27  Marine  
  28  2:35  SCV  
  28  2:36  Supply Depot  
  29  2:42  Factory Tech Lab  
  29  2:45  Marine  
  29  2:50  SCV  
  31  2:58  Viking  
  31  3:02  Cyclone  
  31  3:04  Marine  
  37  3:11  Supply Depot  
  37  3:22  Marine  
  38  3:33  Medivac  
  38  3:34  Siege Tank  
  43  3:38  Barracks  
  42  3:43  Barracks Tech Lab  
  42  3:51  Supply Depot  
  42  4:04  Concussive Shells, Marauder  
  42  4:09  Liberator  
  44  4:22  Command Center  
  41  4:41  Marauder x2  
  41  4:44  SCV  
  46  4:52  Stimpack  
  46  4:54  Factory Reactor  
  46  4:57  SCV  
  47  5:02  Marine x2  
  49  5:09  SCV  
  49  5:12  Starport Reactor  
  50  5:20  Marine x2  
  49  5:21  SCV  
  49  5:28  Bunker  
  50  5:33  SCV  
  50  5:35  Orbital Command  
  50  5:38  Marine  
  50  5:39  Marine  
  52  5:45  Widow Mine, SCV  
  52  5:47  Widow Mine  
  57  5:51  Medivac  
  59  5:58  SCV  
  59  6:01  Marine  
  59  6:02  Marauder  
  59  6:04  SCV  
  62  6:06  Widow Mine  
  62  6:10  SCV  
  62  6:11  Widow Mine  
  67  6:14  Supply Depot  
  67  6:16  SCV  
  68  6:19  Marine  
  69  6:26  Supply Depot  
  69  6:28  Marine  
  69  6:29  Engineering Bay  
  70  6:36  SCV  
  70  6:37  Marine  
  72  6:40  Barracks  
  72  6:41  SCV  
  72  6:42  Barracks  
  72  6:45  Widow Mine  
  72  6:47  Widow Mine  
  77  6:49  Marine  
  77  6:53  Combat Shield  
  79  6:54  SCV x2  
  79  6:58  Missile Turret  
  80  7:02  Refinery  
  80  7:05  Marine  
  80  7:06  SCV x2  
  85  7:10  Marine  
  85  7:13  Terran Infantry Weapons Level 1  
  84  7:23  SCV x2  
  86  7:31  Supply Depot, Medivac x2  
  86  7:32  Barracks Tech Lab  
  86  7:35  SCV x2  
  94  7:44  Marauder  
  94  7:49  Barracks Reactor  
  94  7:53  Marauder, Widow Mine x2, SCV x2  
  94  7:55  Supply Depot  
  94  7:56  Supply Depot  
  102  8:14  Refinery  
  102  8:15  Supply Depot  
  102  8:16  Medivac x2  
  102  8:17  Marauder  
  108  8:20  Barracks  
  108  8:21  Barracks  
  108  8:24  Marauder x2  
  112  8:29  Marine  
  112  8:32  Widow Mine  
  115  8:36  Marine, Widow Mine  
  115  8:38  Marauder  
  120  8:45  Marauder  
  120  8:46  Marauder, Supply Depot  
  124  8:51  Supply Depot  
  121  8:59  Marauder  
  121  9:00  Viking  
  122  9:12  Marauder x2  
  122  9:15  Barracks Reactor, Barracks Tech Lab  
  128  9:17  Widow Mine x2  
  128  9:24  Viking  
  129  9:26  Marauder  
  129  9:28  Marine  
  129  9:30  Viking  
  134  9:36  Marauder  
  134  9:37  Marauder  
  134  9:38  Marine  
  139  9:55  Marine  
  139  9:56  Marauder  
  142  10:08  Viking x2, Marauder x2, Supply Depot  
  138  10:21  Marine  
  138  10:22  Marauder  
  138  10:25  Marine  
  138  10:26  Marauder  
  138  10:34  Command Center  
  138  10:36  Marine  
  138  10:37  Marauder  
  138  10:42  Viking  
  138  10:51  Marauder, Marine  
  134  11:00  Marauder, Marine  
  134  11:02  Widow Mine  
  126  11:10  Marauder, Marine  
  129  11:16  Marine  
  129  11:17  Marauder  
  130  11:20  Marauder  
  130  11:25  Medivac  
  134  11:30  Medivac  
  136  11:34  Marine x2  
  129  11:41  Marauder, Marine  
  129  11:44  Marine  
  129  11:45  Marauder  
  109  11:50  Marine  
  109  11:51  Marauder  
  109  11:52  Marine  
  85  11:55  Marine  
  85  11:59  Marine  
  83  12:03  Marauder  
  83  12:04  Marine  
  83  12:06  Marauder  
  88  12:08  Marine  
  88  12:11  SCV x2  
  88  12:12  Marauder  
  93  12:17  Marine  
  94  12:23  SCV  
  94  12:26  Widow Mine x2  
  94  12:28  Terran Infantry Armor Level 1  
  99  12:36  SCV  
  101  12:37  SCV  
  101  12:39  Marine  
  101  12:43  Marine x2  
  104  12:48  Orbital Command  
  104  12:50  Marine  
  105  12:53  Marine  
  105  12:57  SCV  
  107  12:59  Marine x3  
  107  13:00  Marauder  
  112  13:08  Medivac  
  112  13:09  Medivac  
  107  13:20  Marauder x3, Marine x2  
  107  13:21  Marauder  
  119  13:30  Ghost Academy  
  119  13:32  Marine x2  
  119  13:36  Widow Mine  
  119  13:38  Viking  
  119  13:39  Viking  
  125  13:41  Marauder  
  125  13:47  Marine  
  125  13:48  Marauder  
  126  13:51  Widow Mine  
  128  13:55  Marine  
  128  13:56  Command Center  
  128  13:57  Widow Mine  
  131  14:03  Ghost  
  131  14:09  Ghost  
  134  14:13  Ghost  
  134  14:15  Ghost  
  138  14:21  Armory  
  134  14:31  Ghost  
  134  14:37  Ghost  
  128  14:42  Ghost  
  128  14:43  Ghost  
  128  14:44  Widow Mine x2  
  134  14:49  Refinery x2  
Show
View Real Time Build Order
Export as new Build Order

PappiJoe Protoss 

Build Orders:  

Get SALT Encoding   

  12  0:00  Probe  
  14  0:15  Pylon  
  14  0:18  Probe  
  14  0:28  Probe  
  14  0:33  Gateway  
  15  0:36  Probe  
  16  0:43  Assimilator  
  16  0:44  Probe  
  17  0:52  Assimilator  
  17  0:56  Probe  
  18  1:09  Probe  
  19  1:20  Cybernetics Core  
  19  1:23  Probe  
  20  1:32  Pylon  
  20  1:36  Probe  
  21  1:46  Adept  
  21  1:48  Probe  
  22  1:58  Robotics Facility  
  24  2:01  Probe  
  24  2:07  Warp Gate  
  25  2:16  Stalker  
  27  2:36  Nexus  
  26  2:38  Pylon  
  26  2:39  Immortal  
  30  2:59  Probe  
  31  3:08  Warp Prism  
  31  3:18  Probe  
  34  3:26  Gateway  
  34  3:28  Gateway  
  34  3:35  Probe  
  37  3:56  Probe  
  37  4:01  Probe  
  39  4:04  Shield Battery  
  35  4:10  Stalker, Robotics Facility  
  37  4:18  Shield Battery  
  37  4:23  Stalker x2  
  41  4:29  Pylon  
  39  4:41  Stalker  
  41  4:46  Stalker x2  
  41  4:51  Probe x2  
  47  4:59  Observer, Pylon  
  48  5:03  Probe x2  
  50  5:10  Pylon  
  50  5:14  Adept  
  50  5:17  Adept  
  50  5:20  Zealot  
  56  5:27  Probe  
  55  5:32  Probe  
  54  5:35  Probe  
  54  5:37  Observer  
  54  5:38  Robotics Bay  
  54  5:40  Probe  
  56  5:43  Probe  
  56  5:48  Probe  
  58  5:54  Probe  
  58  5:56  Pylon  
  60  6:00  Probe  
  61  6:05  Twilight Council  
  61  6:06  Probe  
  61  6:07  Colossus  
  62  6:12  Probe  
  62  6:13  Gateway  
  62  6:15  Gateway  
  69  6:26  Probe  
  69  6:28  Assimilator, Extended Thermal Lance  
  69  6:32  Assimilator  
  70  6:36  Probe  
  71  6:40  Probe  
  71  6:43  Pylon  
  72  6:48  Probe  
  72  6:49  Sentry  
  72  6:51  Charge  
  72  6:53  Probe  
  76  6:56  Pylon  
  76  6:58  Colossus  
  76  6:59  Pylon  
  76  7:11  Probe x2  
  84  7:23  Probe  
  84  7:25  Zealot  
  84  7:29  Pylon  
  87  7:33  Sentry  
  89  7:44  Colossus, Nexus  
  89  7:46  Probe x2  
  91  7:56  Pylon  
  91  7:58  Probe, Pylon  
  98  7:59  Probe  
  98  8:00  Forge  
  99  8:10  Probe  
  99  8:11  Probe  
  99  8:14  Gateway  
  99  8:22  Probe  
  99  8:23  Probe  
  99  8:29  Zealot x4  
  99  8:30  Zealot  
  109  8:34  Probe  
  109  8:35  Probe  
  111  8:41  Colossus  
  111  8:42  Pylon  
  111  8:45  Pylon  
  111  8:48  Protoss Ground Weapons Level 1  
  111  8:55  Blink  
  116  8:57  Observer  
  116  8:59  Zealot  
  116  9:02  Zealot  
  116  9:12  Zealot x2  
  119  9:18  Probe x2  
  119  9:22  Probe  
  122  9:26  Templar Archives  
  120  9:32  Zealot  
  120  9:33  Zealot x3  
  120  9:34  Probe  
  129  9:43  Immortal  
  133  9:48  Zealot x2  
  135  10:01  Pylon  
  135  10:02  Pylon  
  135  10:06  High Templar x2, Gateway, Pylon  
  137  10:07  High Templar x2  
  137  10:08  Pylon  
  137  10:11  Archon x2  
  134  10:27  Probe  
  118  10:29  Zealot  
  119  10:47  Pylon  
  119  10:49  Pylon x2  
  117  11:00  Pylon  
  117  11:02  Nexus  
  109  11:05  Pylon  
  107  11:17  Protoss Ground Armor Level 1  
  107  11:18  Nexus  
  107  11:19  Stalker x3  
  107  11:20  Sentry x3  
  107  11:22  Templar Archives  
  119  11:28  Probe x2  
  117  11:46  Zealot  
  117  11:47  Zealot x4  
  79  11:58  Colossus  
  75  12:04  Probe x2  
  75  12:05  High Templar  
  75  12:07  High Templar x3  
  73  12:14  Archon  
  73  12:15  Archon  
  73  12:16  Probe x2  
  73  12:18  Probe  
  76  12:28  Probe x2  
  78  12:30  Probe  
  78  12:31  Sentry  
  81  12:40  Probe  
  81  12:42  Assimilator  
  82  12:45  Assimilator  
  82  12:48  Stalker x2  
  82  12:51  Warp Prism  
  86  12:56  Zealot  
  86  12:57  Zealot x3  
  94  13:14  Zealot x2  
  92  13:20  Colossus  
  92  13:24  Probe x2  
  94  13:28  Zealot x3  
  94  13:29  Zealot  
  108  13:34  Psionic Storm  
  108  13:35  Probe  
  105  13:55  Probe x2  
  105  14:00  Stalker, High Templar x2  
  105  14:01  Stalker x2  
  112  14:10  Probe  
  112  14:13  Colossus  
  119  14:26  Zealot x2  
  117  14:31  Nexus  
  117  14:34  Pylon  
  107  14:40  Zealot x3  
  107  14:41  Zealot  
  109  14:47  Probe x2  
  109  14:48  Probe  
  109  14:52  High Templar x2  
  114  15:01  Gateway  
  114  15:02  Stalker  
  114  15:03  Stalker  
  115  15:09  Archon x2  
  115  15:13  Zealot x2  
Tags
 
Add a new tag
Caveats
  • Supply blocks, unpowered buildings, or Contaminate may cause inaccurate times.
  • Supply counts are checked every 10 seconds.